 Dungeon Crawl Stone Soup version 0.29.1-2-gbd0b4ee654 (webtiles) character file.

Game seed: 3279869142693723940

534 Mitcholas the Basher (level 7, -1/87 HPs)
             Began as a Minotaur Berserker on Nov 6, 2022.
             Was a Believer of Trog.
             Slain by Duvessa
             ... wielding a +4 vampiric short sword
              (5 damage)
             ... on level 5 of the Dungeon.
             The game lasted 00:29:35 (5348 turns).

Mitcholas the Basher (Minotaur Berserker)           Turns: 5348, Time: 00:29:35

Health: -1/87      AC: 10    Str: 23    XL:     7   Next: 4%
Magic:  6/6        EV:  8    Int:  4    God:    Trog [**....]
Gold:   95         SH:  0    Dex: 10    Spells: 6/6 levels left

rFire   + . .      SeeInvis .   p - +0 flail (holy)
rCold   . . .      Faith    .   (no shield)
rNeg    . . .      Spirit   .   m - +0 chain mail
rPois   .          Reflect  .   (helmet restricted)
rElec   .          Harm     .   e - +0 cloak
rCorr   .          Rampage  .   (no gloves)
Will    .....                   (no boots)
Stlth   ..........              (no amulet)
HPRegen 0.24/turn               d - ring of protection from fire
MPRegen 0.10/turn               (no ring)

@: berserking, very quick
A: horns 2, retaliatory headbutt
a: Renounce Religion, Berserk, Trog's Hand


You were on level 5 of the Dungeon.
You worshipped Trog.
Trog was pleased with you.
You visited 1 branch of the dungeon, and saw 5 of its levels.

You collected 95 gold pieces.

Inventory:

Hand Weapons
 p - a +0 flail of holy wrath (weapon)
Missiles
 h - 28 stones
 r - 3 poisoned darts
 t - 5 boomerangs (quivered)
Armour
 e - a +0 cloak (worn)
 m - a +0 chain mail (worn)
Jewellery
 d - a ring of protection from fire (left hand)
Wands
 n - a wand of flame (10)
Scrolls
 g - a scroll of magic mapping
 o - 4 scrolls of teleportation
Potions
 a - a potion of magic {unknown}
 b - 4 potions of heal wounds
 c - a potion of degeneration {unknown}
 f - a potion of attraction
 i - 2 potions of lignification {unknown}
 j - 2 potions of curing
 k - 2 potions of flight
 l - a potion of haste {unknown}
 q - a potion of invisibility
 v - a potion of might


   Skills:
 - Level 3.7 Fighting
 + Level 9.4 Maces & Flails
 - Level 2.5 Armour
 - Level 2.3 Dodging
 - Level 0.3 Spellcasting


You had 6 spell levels left.
You didn't know any spells.
Your spell library was empty.

Dungeon Overview and Level Annotations

Branches:
Dungeon (5/15)
 Temple: D:4-7

Altars:
Qazlal

Shops:
D:2 *

Annotations:
D:3 2 runed translucent doors, exclusion: 2 doors, Icepheonix32's ghost, amateur DgTm
D:5 Duvessa


Innate Abilities, Weirdness & Mutations

You have a pair of horns on your head.
You reflexively headbutt those who attack you in melee.


Message History

Duvessa, Sister of Dowan comes into view.
She is wielding a +4 vampiric short sword and wearing a +2 leather armour of cold resistance.
The black bear attacks as you move away!
The black bear bites you. The black bear closely misses you.
The black bear claws you but does no damage.
Duvessa shouts!
Duvessa goes berserk!
You hear a shout!
The black bear attacks as you move away!
The black bear bites you.
The black bear claws you but does no damage. x2
The black bear bites you but does no damage.
The black bear closely misses you. The black bear claws you.
Things that are here:
the +7 hammer of Cowardice {pain, *Rage rC++ Dex+6}; a +0 leather armour; an orc corpse The black bear attacks as you move away!
The black bear bites you but does no damage.
The black bear claws you but does no damage. x2
Duvessa attacks as you move away!
Duvessa hits you with a +4 vampiric short sword.
Duvessa hits you with a +4 vampiric short sword!
A red film seems to cover your vision as you go berserk!
You feel yourself moving faster!
You feel mighty!
Duvessa hits you with a +4 vampiric short sword.
You bludgeon Duvessa!! You headbutt Duvessa!
Duvessa is severely wounded.
Duvessa hits you with a +4 vampiric short sword!
* * * LOW HITPOINT WARNING * * *
Duvessa draws strength from your wounds!
Duvessa attacks as you move away!
Duvessa hits you with a +4 vampiric short sword!!
* * * LOW HITPOINT WARNING * * *
Duvessa draws strength from your wounds!
There is an open door, spattered with blood here.
Items here: ))) [[[ ††.
You are too injured to fight recklessly!
You are too injured to fight recklessly!
You hit Duvessa. You headbutt Duvessa!
Duvessa is moderately wounded.
Duvessa hits you with a +4 vampiric short sword.
You die...

#.....# #.....# #.....#
#.....+ #.....# #.....#
#####.....#######
#.....######....#
+....>@eh......##
#.....#........#
#....<###.##.### #
#############.##.# ..
...........#.)...# .#
...........#.....# ..#
o..........#.....# ...#
+
.................#....#
#.
###+##'##...........#


You could see Duvessa (berserk) and a black bear.

Vanquished Creatures
  Edmund (D:4)
  An ogre (D:4)
  Dowan (D:5)
  2 orc priests
  An iguana (D:5)
  2 orc wizards
  4 adders
  2 ufetubi (D:4)
  A worm (D:2)
  A dart slug (D:2)
  13 orcs
  12 ball pythons
  4 endoplasms
  5 giant cockroaches
  6 goblins
  9 hobgoblins
  5 jackals (D:1)
  2 quokkas
  6 bats
  3 frilled lizards
  7 kobolds
  6 rats
94 creatures vanquished.

Vanquished Creatures (others)
  A fungus (D:5)
1 creature vanquished.

Grand Total: 95 creatures vanquished

Notes
Turn   | Place    | Note
-------+----------+-------------------------------------------
     0 | D:1      | Mitcholas the Minotaur Berserker began the quest for the
                  | Orb.
     0 | D:1      | Reached XP level 1. HP: 19/19 MP: 0/0
   364 | D:1      | Reached XP level 2. HP: 25/27 MP: 1/1
   431 | D:1      | Reached skill level 4 in Maces & Flails
   964 | D:1      | Found a faded altar of an unknown god.
  1383 | D:1      | Reached XP level 3. HP: 31/33 MP: 2/2
  1887 | D:2      | Found Couh's General Store.
  1890 | D:2      | Reached skill level 5 in Maces & Flails
  2569 | D:3      | Reached XP level 4. HP: 38/40 MP: 3/3
  2582 | D:3      | Reached ** piety under Trog
  2678 | D:3      | Found a runed translucent door.
  2680 | D:3      | Noticed Icepheonix32's ghost (amateur DgTm)
  2680 | D:3      | Noticed a bullfrog
  2721 | D:3      | Found a runed translucent door.
  2898 | D:3      | Reached skill level 6 in Maces & Flails
  2948 | D:3      | Found a stormy altar of Qazlal.
  4031 | D:4      | Reached XP level 5. HP: 45/46 MP: 4/4
  4037 | D:4      | Reached skill level 7 in Maces & Flails
  4603 | D:4      | Noticed Edmund
  4609 | D:4      | Killed Edmund
  4610 | D:4      | Reached skill level 8 in Maces & Flails
  4610 | D:4      | Reached XP level 6. HP: 52/52 MP: 5/5
  4825 | D:5      | Entered Level 5 of the Dungeon
  5179 | D:5      | Identified the +7 hammer of Cowardice {pain, *Rage rC++
                  | Dex+6}
  5210 | D:5      | Reached skill level 9 in Maces & Flails
  5265 | D:5      | Noticed Dowan
  5297 | D:5      | Killed Dowan
  5298 | D:5      | Reached XP level 7. HP: 54/58 MP: 6/6
  5336 | D:5      | Noticed Duvessa
  5347 | D:5      | HP: 4/87 [Duvessa/+4 vampiric short sword (21)]
  5348 | D:5      | Slain by Duvessa

Illustrated notes

Levels and vault maps discovered:
D:1:      kilobyte_arrival_exit_the_forest, layout_basic,
          dreamdust_ecumenical_altar_angels_and_demons
D:2:      minmay_wonky_spiral, layout_rooms, serial_shops,
          nicolae_shop_competitors_out_of_business, minmay_pentomino_q4
D:3:      layout_basic, lemuel_crystal_altar, ebering_ghost_sewer_f
D:4:      layout_basic, minmay_splitting_lines, chequers_mini_garden,
          st_stairs_2, uniq_edmund
D:5:      layout_gridville, minmay_temple_entry_wispy, uniq_duvessa,
          uniq_crazy_yiuf_cottage, uniq_blork_the_orc

Skill      XL: |  1  2  3  4  5  6 |
---------------+-------------------+-----
Maces & Flails | 4 5 6 8 9 |  9.4
Fighting       | |  3.7
Armour         | |  2.5
Dodging        | |  2.3
Spellcasting   | |  0.3

Action                   |  1- 3 |  4- 6 |  7- 9 || total
-------------------------+-------+-------+-------++-------
Melee: Mace              |    75 |       |       ||    75
       Headbutt          |    16 |    17 |     2 ||    35
       Flail             |     4 |   149 |     4 ||   157
Throw: Boomerang         |       |     4 |       ||     4
Invok: Berserk           |     2 |     2 |     1 ||     5
       Trog's Hand       |       |     1 |       ||     1
  Use: Scroll            |     5 |    10 |       ||    15
Armor: Leather armour    |     2 |       |       ||     2
       Animal skin       |     1 |       |       ||     1
       Ring mail         |    17 |       |       ||    17
       Chain mail        |     8 |    53 |    12 ||    73
Dodge: Dodged            |    45 |    47 |     2 ||    94
